 Dungeon Crawl Stone Soup version 0.32-a0-35-gd9ff480968 (webtiles) character file.

Game seed: 12512851384383625393

750 pokeman the Thaumaturge (level 7, -2/40 HPs)
             Began as a Deep Elf Hedge Wizard on Jan 21, 2024.
             Slain by a centaur (5 damage)
             ... on level 5 of the Dungeon.
             The game lasted 00:08:52 (5504 turns).

pokeman the Thaumaturge (Deep Elf Hedge Wizard)     Turns: 5504, Time: 00:08:53

Health: -2/40      AC:  5    Str:  7    XL:     7   Next: 48%
Magic:  2/20       EV: 12    Int: 21    God:
Gold:   224        SH:  0    Dex: 14    Spells: 14/22 levels left

rFire   + . .        a - +0 dagger
rCold   . . .        (no shield)
rNeg    . . .        E - +0 leather armour {rF+}
rPois   .            c - +0 hat
rElec   .            f - +0 cloak
rCorr   .            w - +0 pair of gloves
SInv    .            (no boots)
Will    .....        (no amulet)
Stlth   ++           (no ring)
HPRegen 0.26/turn    (no ring)
MPRegen 0.17/turn

%: no passive effects
@: lethally poisoned (-2 -> -3)
A: no striking features
a: no special abilities


You were on level 5 of the Dungeon.
You visited 2 branches of the dungeon, and saw 6 of its levels.

You collected 224 gold pieces.

Inventory:

Hand Weapons
 a - a +0 dagger (weapon)
Armour
 c - a +0 hat (worn)
 f - a +0 cloak (worn)
 j - a +0 kite shield
 w - a +0 pair of gloves (worn)
 E - a +0 leather armour of fire resistance (worn)
Magical Staves
 t - a staff of fire
Jewellery
 g - an amulet of faith
Wands
 s - a wand of mindburst (4)
Scrolls
 e - a scroll of fog {unknown}
 k - a scroll of fear {unknown}
 n - a scroll of amnesia {unknown}
 o - a scroll of enchant armour {unknown}
 p - 2 scrolls of identify {unknown}
 q - a scroll of vulnerability {unknown}
 r - 3 scrolls of teleportation {unknown}
 u - a scroll of noise {unknown}
 y - a scroll of silence {unknown}
 A - 2 scrolls of blinking {unknown}
Potions
 d - a potion of magic
 h - a potion of attraction {unknown}
 i - a potion of heal wounds {unknown}
 l - 3 potions of might {unknown}
 m - 4 potions of curing {unknown}
 v - a potion of degeneration {unknown}
 x - a potion of enlightenment {unknown}
 z - a potion of brilliance {unknown}
 B - a potion of lignification {unknown}
 C - a potion of mutation {unknown}
 D - a potion of haste {unknown}


   Skills:
 + Level 2.0 Fighting
 - Level 1.0 Armour
 - Level 3.2 Dodging
 - Level 3.0 Stealth
 - Level 1.0 Shields
 * Level 8.0 Spellcasting
 + Level 3.9 Conjurations
 - Level 1.1 Summonings
 - Level 1.1 Translocations
 + Level 2.4 Fire Magic
 - Level 1.0 Air Magic
 - Level 1.1 Alchemy
 - Level 1.0 Evocations


You had 14 spell levels left.
You knew the following spells:

 Your Spells              Type           Power      Damage    Failure   Level
a - Magic Dart            Conj           100%       1d8       2%          1
b - Mephitic Cloud        Conj/Alch/Air  16%        N/A       16%         3
c - Call Imp              Summ           26%        N/A       11%         2
d - Blink                 Tloc           26%        N/A       11%         2

Your spell library contained the following spells:

 Spells                   Type           Power      Damage    Failure   Level
 Slow                     Hex            32%        N/A       12%         1
 Cigotuvi's Dreadful Rot  Necr/Alch/Air  22%        N/A       13%         2


Dungeon Overview and Level Annotations

Branches:
Dungeon (5/15)             Temple (1/1) D:5

Altars:
Cheibriados
Dithmenos
Elyvilon
Gozag
Kikubaaqudgha
Nemelex Xobeh
Okawaru
Ru
Sif Muna
Trog
Wu Jian
Zin
The Shining One

Shops:
D:4 [


Message History

Confirm with . or Enter, or press ? or * to list all spells.
Aiming: Magic Dart (safe; 2% risk of failure)
Press: ? - help, Shift-Dir - straight line, f/p - water moccasin
Aim: a water moccasin (almost dead, 100% to hit)
The magic dart hits the water moccasin!
You kill the water moccasin!
You feel sick.
The centaur shoots an arrow.
The arrow hits you.
* * * LOW HITPOINT WARNING * * *
Your Fighting skill increases to level 2!
Your Spellcasting skill increases to level 8!
Casting: Magic Dart (safe; 2% risk of failure)
Confirm with . or Enter, or press ? or * to list all spells.
Aiming: Mephitic Cloud (dangerous; 16% risk of failure)
Press: ? - help, Shift-Dir - straight line, f - centaur
Aim: a centaur, wielding a +0 shortbow (chance to affect: 81%)
The ball explodes into a vile cloud!
The stinking cloud engulfs the centaur.
You feel sick.
The centaur is engulfed in noxious fumes.
The centaur appears confused.
The centaur unwields a +0 shortbow.
The centaur hits you.
* * * LOW HITPOINT WARNING * * *
The centaur misses you.
Unknown command.
Unknown command.
Aiming: Mindburst
Press: ? - help, Shift-Dir - straight line, f/p - centaur
Aim: a centaur (confused, chance to affect: 69%)
The centaur's mind is blasted!
You feel sick.
Unknown command.
Casting: Mephitic Cloud (dangerous; 16% risk of failure)
Confirm with . or Enter, or press ? or * to list all spells.
Aiming: Magic Dart (safe; 2% risk of failure)
Press: ? - help, Shift-Dir - straight line, f/p - centaur
Aim: a centaur (noxious fumes, severely wounded, confused, 100% to hit)
The magic dart hits the centaur.
The centaur is almost dead.
You feel sick.
The centaur is engulfed in noxious fumes.
The centaur appears confused.
The centaur hits you.
You die...

#.##.# ##.#.....
#.##.# #....###
#.##.# #.#### #.##.#
#.###### #.##.#
#....... #.##.#
############
#.##.####(..# #
#...........########
###@.####...........
#c## ############
#ยง# # #.# # #.# #
#.# # #.# ### #.#
#.... #.# #.###


You could see a centaur (confused).

Vanquished Creatures
  A water moccasin (D:5)
  An ogre (D:4)
  A bullfrog (D:4)
  2 hounds (D:5)
  An iguana (D:4)
  A jelly (D:5)
  A sleepcap (D:5)
  An orc wizard (D:5)
  7 adders
  3 dart slugs
  2 orcs (D:5)
  6 ball pythons
  7 endoplasms
  3 giant cockroaches
  8 hobgoblins
  2 jackals (D:3)
  2 quokkas
  4 bats
  7 frilled lizards
  3 goblins
  8 kobolds
  5 rats
76 creatures vanquished.

Vanquished Creatures (collateral kills)
  A water moccasin (D:5)
  A sky beast (D:4)
2 creatures vanquished.

Grand Total: 78 creatures vanquished

Notes
Turn   | Place    | Note
-------+----------+-------------------------------------------
     0 | D:1      | pokeman the Deep Elf Hedge Wizard began the quest for the
                  | Orb.
     0 | D:1      | Reached XP level 1. HP: 10/10 MP: 7/7
   421 | D:1      | Reached XP level 2. HP: 15/15 MP: 6/9
   747 | D:1      | Found a faded altar of an unknown god.
   993 | D:1      | Reached skill level 5 in Spellcasting
  1400 | D:1      | Reached XP level 3. HP: 20/20 MP: 8/11
  1404 | D:1      | Learned a level 3 spell: Mephitic Cloud
  1407 | D:1      | Learned a level 2 spell: Call Imp
  1410 | D:1      | Learned a level 2 spell: Blink
  2244 | D:3      | Reached skill level 1 in Armour
  2704 | D:3      | Reached skill level 1 in Fighting
  2704 | D:3      | Reached XP level 4. HP: 25/25 MP: 6/13
  3559 | D:4      | Noticed a sky beast
  3604 | D:4      | Killed a sky beast
  3605 | D:4      | Reached skill level 1 in Shields
  3605 | D:4      | Reached skill level 6 in Spellcasting
  3605 | D:4      | Reached XP level 5. HP: 3/29 MP: 0/15
  3877 | D:4      | Found a sacrificial altar of Ru.
  4048 | D:4      | Noticed an ogre
  4059 | D:4      | Killed an ogre
  4060 | D:4      | Reached XP level 6. HP: 34/34 MP: 6/17
  4252 | D:4      | Found Haida's Dragon-Slaying Spoils.
  4422 | D:4      | Reached skill level 1 in Fire Magic
  4422 | D:4      | Reached skill level 1 in Air Magic
  4422 | D:4      | Reached skill level 1 in Alchemy
  4422 | D:4      | Reached skill level 1 in Evocations
  4554 | D:5      | Entered Level 5 of the Dungeon
  4647 | D:5      | Reached skill level 7 in Spellcasting
  5040 | D:5      | Noticed a water moccasin
  5049 | D:5      | Killed a water moccasin
  5050 | D:5      | Reached XP level 7. HP: 30/38 MP: 12/20
  5323 | D:5      | Found a staircase to the Ecumenical Temple.
  5330 | Temple   | Entered the Ecumenical Temple
  5502 | D:5      | Reached skill level 8 in Spellcasting
  5504 | D:5      | Slain by a centaur

Illustrated notes

Levels and vault maps discovered:
D:1:      lemuel_arrival_lava_pool, layout_basic,
          shapermc_ecumenical_altar_pompeii
D:2:      layout_basic
D:3:      layout_loops_ring, corexii_shack
D:4:      layout_cave_pods, nicolae_ru_the_path_less_chosen, grunt_ministairs_2,
          amcnicky_mini_rare_corridor_liquid, nicolae_shop_dragon_depot,
          hangedman_decor_slide_cut
D:5:      nicolae_BIG_FREAKIN_CUBE, layout_loops_ring,
          minmay_temple_entry_slanted, kennysheep_small_square
Temple:   hellmonk_temple_flake

Skill      XL: |  1  2  3  4  5  6  7 |
---------------+----------------------+-----
Spellcasting   | 5 6 7 8 |  8.0
Armour         | 1 |  1.0
Conjurations   | 2 3 |  3.9
Fighting       | 1 2 |  2.0
Dodging        | 3 |  3.2
Shields        | 1 |  1.0
Stealth        | 3 |  3.0
Fire Magic     | 1 2 |  2.4
Air Magic      | 1 |  1.0
Alchemy        | 1 |  1.1
Evocations     | 1 |  1.0
Summonings     | |  1.1
Translocations | |  1.1

Action                     |  1- 3 |  4- 6 |  7- 9 || total
---------------------------+-------+-------+-------++-------
  Melee: Dagger            |     2 |    13 |       ||    15
   Cast: Magic Dart        |   117 |   114 |    29 ||   260
         Mephitic Cloud    |       |     5 |     1 ||     6
         Call Imp          |       |     3 |     1 ||     4
         Blink             |       |       |     1 ||     1
  Evoke: Wand              |       |     1 |     1 ||     2
   Stab: Confused          |       |     1 |       ||     1
 Armour: Robe              |     7 |    22 |     3 ||    32
         Leather armour    |       |       |     8 ||     8
  Dodge: Dodged            |    13 |    26 |    11 ||    50

Table legend: (Time is in decaauts)
 A = Elapsed time spent in this place.
 B = Non-inter-level travel time spent in this place.
 C = Inter-level travel time spent in this place.
 D = Time resting spent in this place.
 E = Time spent auto-exploring this place.
 F = Levels seen in this place.
 G = Mean time per level.
                   A        B        C        D        E       F      G
               +--------+--------+--------+--------+--------+-----+--------+
         Total |   5505 |   5425 |     80 |    192 |   4637 |   6 |  917.5 |
       Dungeon |   5503 |   5423 |     80 |    192 |   4637 |   5 | 1100.6 |
        Temple |      1 |      1 |      0 |      0 |      0 |   1 |    1.0 |
               +--------+--------+--------+--------+--------+-----+--------+

Top non-repeatable levels by time:
     D:4: 1465 daAuts
     D:1: 1443 daAuts
     D:3: 1011 daAuts
     D:5: 859 daAuts
     D:2: 723 daAuts
  Temple: 1 daAuts
